 Dungeon Sprint DCSS version 0.31-a0-846-gb3bcc0d938 (webtiles) character file.

Game seed: 17247260841825233186

2483 sircluck the Grappler (level 9, -8/102 HPs)
             Began as a Troll Berserker on Oct 3, 2023.
             Was a High Priest of Trog.
             Mangled by a ghost moth (12 damage)
             ... called by a spriggan druid
             ... in the Dungeon (Sprint IV: "Fedhas' Mad Dash").
             The game lasted 00:02:18 (717 turns).

sircluck the Grappler (Troll Berserker)              Turns: 717, Time: 00:02:18

Health: -8/102     AC:  8    Str: 31      XL:     9   Next: 27%
Magic:  0/8        EV: 12    Int:  3      God:    Trog [*****.]
Gold:   116        SH:  0    Dex:  8 (9)  Spells: 8/8 levels left

rFire   . .          .
                       - Unarmed
rCold   . . .        (no shield)
rNeg    . . .        a - +0 animal skin
rPois   .            (helmet restricted)
rElec   .            (no cloak)
rCorr   .            (gloves unavailable)
SInv    .            (boots unavailable)
Will    .....        i - amulet of invisibility {+Inv}
Stlth   +            j - +4 ring of protection
HPRegen 1.17/turn    (no ring)
MPRegen 0.11/turn

%: no teleportation
@: no status effects
A: large, unfitting armour, claws 3, regeneration 1, shaggy fur 1, tough skin 1
a: Renounce Religion, Evoke Invisibility, Berserk, Trog's Hand, Brothers in Arms


You were in the Dungeon.
You worshipped Trog.
Trog was extremely pleased with you.
You visited 1 branch You collected 116 gold pieces.

Inventory:

Missiles
 h - 7 stones
Armour
 a - a +0 animal skin (worn)
Jewellery
 i - the amulet of invisibility (around neck) {+Inv}
   (You found it in the Dungeon)

   [amulet of nothing]

   +Inv:      It lets you turn invisible.
 j - a +4 ring of protection (left claw)
Scrolls
 g - a scroll of blinking
 k - a scroll of vulnerability {unknown}
 l - a scroll of enchant armour {unknown}
Potions
 b - a potion of curing
 c - a potion of heal wounds
 d - a potion of haste
 e - 2 potions of magic
 f - a potion of berserk rage


   Skills:
 + Level 10.9 Fighting
 + Level 10.7 Dodging
 + Level 12.7 Unarmed Combat


You had 8 spell levels left.
You didn't know any spells.
Your spell library was empty.

Dungeon Overview and Level Annotations

Branches:
Dungeon (1/1)

Altars:


Innate Abilities, Weirdness & Mutations

You are too large for most types of armour.
You have claws for hands.
Your natural rate of healing is unusually fast.
You are covered in fur. (AC +1)
You have tough skin. (AC +1)


Message History

You claw the spriggan druid!
The spriggan druid is severely wounded.
The spriggan druid hits you with a +1 quarterstaff of speed.
You barely miss the spriggan druid. Your claw misses the spriggan druid.
The spriggan druid is severely wounded.
The spriggan druid hits you but does no damage.
You miss the spriggan druid.
The spriggan druid is severely wounded.
The spriggan druid hits you with a +1 quarterstaff of speed.
The spriggan druid hits you with a +1 quarterstaff of speed!
You claw the spriggan druid!
The spriggan druid is almost dead.
The spriggan druid calls out to the beasts of the wild!
You mangle the spriggan druid!!
You kill the spriggan druid!
Trog accepts your kill.
Trog appreciates your killing of a magic user.
Unknown command.
Unknown command.
You hear a shout!
Things that are here:
a +1 quarterstaff of speed; a +0 robe; a spriggan corpse You now have 116 gold pieces (gained 12).
You feel you are being watched by something.
You feel your power leaking away.
You see here 4 gold pieces.
Things that are here:
a +1 quarterstaff of speed; a +0 robe; a spriggan corpse You feel you are being watched by something.
Something hits you!
You feel clumsy.
Deactivating autopickup; reactivate with Ctrl-A.
Something hits you but does no damage. Something stings you!
* * * LOW HITPOINT WARNING * * *
Something hits you!
* * * LOW HITPOINT WARNING * * *
Something hits you.
* * * LOW HITPOINT WARNING * * *
Something stings you!
You die...

######### ..#.....#
..'.#†..+ ..#.#...#
######'## ....'...#
....#†..# ######
♣..######♣♣♣♣♣..♣)#
#####.:'......♣.@♣#
.......#♣..♣♣♣.♣).#
.......#.♣♣..♣.$.♣+
##################


There were no monsters in sight!

Vanquished Creatures
  A spriggan druid (D)
  2 oklob plants (D)
  A wandering mushroom (D)
  A queen bee (D)
  2 burning bushes (D)
  A scorpion (D)
  4 killer bees (D)
  3 oklob saplings (D)
  A river rat (D)
  A rat (D)
17 creatures vanquished.

Notes
Turn   | Place    | Note
-------+----------+-------------------------------------------
     0 | D        | sircluck the Troll Berserker began the quest for the Orb.
     0 | D        | Reached XP level 1. HP: 22/22 MP: 0/0
    14 | D        | Reached XP level 2. HP: 29/31 MP: 1/1
    20 | D        | Noticed an oklob sapling
    23 | D        | Killed an oklob sapling
    23 | D        | Reached ** piety under Trog
    24 | D        | Reached skill level 4 in Unarmed Combat
    24 | D        | Reached XP level 3. HP: 39/39 MP: 2/2
    25 | D        | Noticed a scorpion
    25 | D        | Found the amulet of invisibility {+Inv}
    33 | D        | Killed a scorpion
    34 | D        | Reached skill level 5 in Unarmed Combat
    34 | D        | Reached XP level 4. HP: 37/49 MP: 3/3
    72 | D        | Reached skill level 5 in Fighting
    72 | D        | Reached skill level 5 in Dodging
    72 | D        | Reached skill level 6 in Unarmed Combat
   107 | D        | Noticed a queen bee
   122 | D        | Killed a queen bee
   123 | D        | Reached skill level 8 in Unarmed Combat
   123 | D        | Reached XP level 5. HP: 38/61 MP: 4/4
   123 | D        | Reached XP level 6. HP: 42/68 MP: 5/5
   265 | D        | Reached *** piety under Trog
   268 | D        | Reached skill level 9 in Unarmed Combat
   333 | D        | Noticed an oklob plant
   344 | D        | Killed an oklob plant
   344 | D        | Reached **** piety under Trog
   345 | D        | Reached skill level 10 in Unarmed Combat
   345 | D        | Reached XP level 7. HP: 6/81 MP: 6/6
   421 | D        | Noticed a burning bush
   428 | D        | Killed a burning bush
   429 | D        | Reached XP level 8. HP: 86/92 MP: 7/7
   458 | D        | Noticed a burning bush
   458 | D        | Noticed an oklob plant
   459 | D        | Noticed a wandering mushroom
   468 | D        | Killed a burning bush
   469 | D        | Reached skill level 11 in Unarmed Combat
   635 | D        | Killed a wandering mushroom
   651 | D        | Killed an oklob plant
   651 | D        | Reached ***** piety under Trog
   652 | D        | Reached skill level 10 in Fighting
   652 | D        | Reached skill level 10 in Dodging
   652 | D        | Reached skill level 12 in Unarmed Combat
   660 | D        | Reached XP level 9. HP: 77/102 MP: 8/8
   699 | D        | Noticed a spriggan druid
   710 | D        | Killed a spriggan druid
   717 | D        | HP: 4/102 [something (5)]
   717 | D        | Mangled by a ghost moth

Illustrated notes

Levels and vault maps discovered:
D:        dungeon_sprint_fedhas [sprint_temple]

Skill      XL: |  1  2  3  4  5  6  7  8 |
---------------+-------------------------+-----
Fighting       | 3 4 6 8 9 10 | 10.9
Dodging        | 3 4 6 8 9 10 | 10.7
Unarmed Combat | 4 5 8 10 12 | 12.7

Action                     |  1- 3 |  4- 6 |  7- 9 || total
---------------------------+-------+-------+-------++-------
  Melee: Unarmed           |    19 |    26 |    35 ||    80
         Punch             |     1 |     3 |     4 ||     8
 Armour: Animal skin       |     9 |    17 |    26 ||    52
  Dodge: Dodged            |    13 |     6 |     3 ||    22

Table legend: (Time is in decaauts)
 A = Elapsed time spent in this place.
 B = Non-inter-level travel time spent in this place.
 C = Inter-level travel time spent in this place.
 D = Time resting spent in this place.
 E = Time spent auto-exploring this place.
 F = Levels seen in this place.
 G = Mean time per level.
                   A        B        C        D        E       F      G
               +--------+--------+--------+--------+--------+-----+--------+
         Total |    704 |    700 |      4 |    439 |     16 |   1 |  704.0 |
       Dungeon |    704 |    700 |      4 |    439 |     16 |   1 |  704.0 |
               +--------+--------+--------+--------+--------+-----+--------+

Top non-repeatable levels by time:
       D: 704 daAuts
